 Dungeon Crawl Stone Soup version 0.28.0-43-g3370ac3207 (webtiles) character file.

Game seed: 8171369918126804335

119 Ablot the Grasshopper (level 5, -10/43 HPs)
             Began as a Gnoll Warper on Mar 16, 2022.
             Mangled by a gnoll
             ... wielding a +0 flail
              (11 damage)
             ... on level 2 of the Dungeon.
             The game lasted 00:04:41 (3692 turns).

Ablot the Grasshopper (Gnoll Warper)                Turns: 3692, Time: 00:04:42

Health: -10/43     AC:  4    Str: 13    XL:     5   Next: 3%
Magic:  10/12      EV: 12    Int: 12    God:
Gold:   52         SH:  0    Dex: 11    Spells: 12/14 levels left

rFire   . . .      SeeInvis .   a - +0 spear
rCold   . . .      Faith    .   (no shield)
rNeg    . . .      Spirit   .   b - +0 leather armour
rPois   .          Reflect  .   r - +0 helmet
rElec   .          Harm     .   (no cloak)
rCorr   .          Rampage  .   (no gloves)
Will    .....                   (no boots)
Stlth   +.........              (no amulet)
HPRegen 0.14/turn               (no ring)
MPRegen 0.13/turn               (no ring)

@: on blink cooldown
A: fangs 1, strong nose, distributed training
a: no special abilities


You were on level 2 of the Dungeon.
You visited 1 branch of the dungeon, and saw 2 of its levels.

You collected 52 gold pieces.

Inventory:

Hand Weapons
 a - a +0 spear (weapon)
Missiles
 d - 5 boomerangs of dispersal
 f - 13 bolts
 g - 71 stones (quivered)
 h - 26 sling bullets
Armour
 b - a +0 leather armour (worn)
 r - a +0 helmet (worn)
Magical Staves
 k - a staff of poison
Jewellery
 p - a +6 ring of dexterity
Scrolls
 c - a scroll of blinking
 i - a scroll of teleportation {unknown}
 o - a scroll of identify {unknown}
 q - a scroll of fear {unknown}
Potions
 e - a potion of lignification {unknown}
 j - 2 potions of haste {unknown}
 l - a potion of degeneration {unknown}
 m - a potion of magic {unknown}
 n - a potion of mutation {unknown}
 s - a potion of might {unknown}


   Skills:
 + Level 4.7 Fighting
 + Level 1.3 Short Blades
 + Level 1.3 Long Blades
 + Level 1.3 Axes
 + Level 1.3 Maces & Flails
 + Level 4.7 Polearms
 + Level 1.3 Staves
 + Level 1.3 Slings
 + Level 1.3 Bows
 + Level 1.3 Crossbows
 + Level 2.8 Throwing
 + Level 2.8 Armour
 + Level 4.7 Dodging
 + Level 1.3 Stealth
 + Level 1.3 Shields
 + Level 1.3 Unarmed Combat
 + Level 5.1 Spellcasting
 + Level 1.0 Conjurations
 + Level 1.0 Hexes
 + Level 1.0 Summonings
 + Level 1.0 Necromancy
 + Level 5.5 Translocations
 + Level 1.0 Transmutations
 + Level 1.0 Fire Magic
 + Level 1.0 Ice Magic
 + Level 1.0 Air Magic
 + Level 1.0 Earth Magic
 + Level 1.0 Poison Magic
 + Level 1.4 Invocations
 + Level 1.3 Evocations


You had 12 spell levels left.
You knew the following spells:

 Your Spells              Type           Power      Damage    Failure   Level
a - Blink                 Tloc           32%        N/A       4%          2

Your spell library contained the following spells:

 Spells                   Type           Power      Damage    Failure   Level
 Gell's Gravitas          Tloc           16%        N/A       8%          3
 Lesser Beckoning         Tloc           16%        N/A       8%          3
 Teleport Other           Tloc           16%        N/A       8%          3
 Portal Projectile        Hex/Tloc       22%        N/A       19%         3
 Corpse Rot               Necr/Air       10%        N/A       24%         2
 Poisonous Vapours        Pois/Air       10%        N/A       24%         2
 Call Canine Familiar     Summ           5%         N/A       43%         3
 Manifold Assault         Tloc           16%        N/A       58%         5
 Leda's Liquefaction      Hex/Erth       2%         N/A       85%         4


Dungeon Overview and Level Annotations

Branches:
Dungeon (2/15)

Altars:

Shops:
D:1 !


Innate Abilities, Weirdness & Mutations

You have very sharp teeth.
Your uncanny sense of smell can sniff out nearby items.
Your experience applies equally to all skills.


Message History

The gnoll is heavily wounded.
The gnoll hits you with a +0 flail!
You hit the gnoll but do no damage. Your bite misses the gnoll.
The gnoll is heavily wounded.
The gnoll hits you but does no damage.
You hit the gnoll. You bite the gnoll.
The gnoll is almost dead.
You barely miss the gnoll. Your bite misses the gnoll.
The gnoll is almost dead.
The gnoll barely misses you.
You hit the gnoll. You bite the gnoll, but do no damage.
The gnoll is almost dead.
The gnoll hits you with a +0 flail!
* * * LOW HITPOINT WARNING * * *
You hit the gnoll but do no damage. Your bite misses the gnoll.
The gnoll is almost dead.
The gnoll hits you with a +0 flail.
* * * LOW HITPOINT WARNING * * *
Casting: Blink (safe; 4% risk of failure)
Confirm with . or Enter, or press ? or * to list all spells.
You blink.
Throw: 73 stones
Press: ? - help, Q - select action, (/) - cycle Shift-Dir - straight line, f/p - gnoll
Aim: a gnoll, wielding a +0 flail and wearing a +0 scale mail (almost dead, 67% to hit)
You throw a stone.
The stone hits the gnoll but does no damage.
The gnoll is almost dead.
Throw: 72 stones
Press: ? - help, Q - select action, (/) - cycle Shift-Dir - straight line, f/p - gnoll
Aim: a gnoll, wielding a +0 flail and wearing a +0 scale mail (almost dead, 67% to hit)
You throw a stone.
The stone hits the gnoll but does no damage.
The gnoll is almost dead.
You closely miss the gnoll.
The gnoll is almost dead.
The gnoll hits you with a +0 flail.
* * * LOW HITPOINT WARNING * * *
Unknown command.
The gnoll hits you with a +0 flail!
You die...

###.## #######.##.## ##.####### #
#.# #...........###..####### #
#.# #.#####.###..#.#......##
###.### #.# #.# #...#######.##
.##.#.## #.# #.# #..## #.##
.##....###.#####.# #..# #.##
.##.........)((.># #..# ##.##
.........#.####g.# #..# #...#
..#.....##.####.@# #..# ###...#
.......###.#.##..###..#####......
....#..# #..#....................
..####.# #.............####......
..# #.# ###.###.......# ###...#
..# #.# #.# ####.#### #...#
..####.#####.# #.# ##...
.............# #.# ####
..........#### #.#


You could see a gnoll.

Vanquished Creatures
  Robin (D:2)
  3 gnolls (D:2)
  2 adders (D:2)
  A worm (D:2)
  2 dart slugs
  4 endoplasms
  2 giant cockroaches
  12 goblins
  6 hobgoblins (D:2)
  2 jackals (D:2)
  5 quokkas
  4 ball pythons
  A frilled lizard (D:1)
  3 kobolds
  4 rats
52 creatures vanquished.

Notes
Turn   | Place    | Note
-------+----------+-------------------------------------------
     0 | D:1      | Ablot the Gnoll Warper began the quest for the Orb.
     0 | D:1      | Reached XP level 1. HP: 20/20 MP: 6/6
   320 | D:1      | Reached XP level 2. HP: 26/26 MP: 7/7
   323 | D:1      | Learned a level 2 spell: Blink
   741 | D:1      | Found Dutaddigie's Distillery.
   920 | D:2      | Reached skill level 5 in Spellcasting
   920 | D:2      | Reached XP level 3. HP: 16/31 MP: 7/9
  1196 | D:2      | Reached skill level 1 in Invocations
  1661 | D:2      | Reached skill level 1 in Short Blades
  1661 | D:2      | Reached skill level 1 in Long Blades
  1661 | D:2      | Reached skill level 1 in Axes
  1661 | D:2      | Reached skill level 1 in Maces & Flails
  1661 | D:2      | Reached skill level 1 in Staves
  1661 | D:2      | Reached skill level 1 in Slings
  1661 | D:2      | Reached skill level 1 in Bows
  1661 | D:2      | Reached skill level 1 in Crossbows
  1661 | D:2      | Reached skill level 1 in Stealth
  1661 | D:2      | Reached skill level 1 in Shields
  1661 | D:2      | Reached skill level 1 in Unarmed Combat
  1661 | D:2      | Reached skill level 1 in Evocations
  1945 | D:2      | Reached XP level 4. HP: 37/38 MP: 11/11
  2184 | D:2      | Noticed Robin
  2370 | D:2      | Reached skill level 1 in Conjurations
  2370 | D:2      | Reached skill level 1 in Hexes
  2370 | D:2      | Reached skill level 1 in Summonings
  2370 | D:2      | Reached skill level 1 in Necromancy
  2370 | D:2      | Reached skill level 1 in Transmutations
  2370 | D:2      | Reached skill level 1 in Fire Magic
  2370 | D:2      | Reached skill level 1 in Ice Magic
  2370 | D:2      | Reached skill level 1 in Air Magic
  2370 | D:2      | Reached skill level 1 in Earth Magic
  2370 | D:2      | Reached skill level 1 in Poison Magic
  2692 | D:2      | Killed Robin
  3662 | D:2      | Reached XP level 5. HP: 25/43 MP: 12/12
  3691 | D:2      | HP: 1/43 [gnoll/+0 flail (6)]
  3692 | D:2      | Mangled by a gnoll

Illustrated notes

Levels and vault maps discovered:
D:1:      dpeg_arrival_refuge, layout_loops_ring, serial_shops,
          nicolae_shop_behind_doors
D:2:      layout_loops_ring, minmay_small_reverse_x, uniq_robin

Skill      XL: |  1  2  3  4 |
---------------+-------------+-----
Spellcasting   | 5 |  5.1
Invocations    | 1 |  1.4
Short Blades   | 1 |  1.3
Long Blades    | 1 |  1.3
Axes           | 1 |  1.3
Maces & Flails | 1 |  1.3
Staves         | 1 |  1.3
Slings         | 1 |  1.3
Bows           | 1 |  1.3
Crossbows      | 1 |  1.3
Stealth        | 1 |  1.3
Shields        | 1 |  1.3
Unarmed Combat | 1 |  1.3
Evocations     | 1 |  1.3
Conjurations   | 1 |  1.0
Hexes          | 1 |  1.0
Summonings     | 1 |  1.0
Necromancy     | 1 |  1.0
Transmutations | 1 |  1.0
Fire Magic     | 1 |  1.0
Ice Magic      | 1 |  1.0
Air Magic      | 1 |  1.0
Earth Magic    | 1 |  1.0
Poison Magic   | 1 |  1.0
Fighting       | |  4.7
Polearms       | |  4.7
Throwing       | |  2.8
Armour         | |  2.8
Dodging        | |  4.7
Translocations | |  5.5

Action                   |  1- 3 |  4- 6 || total
-------------------------+-------+-------++-------
Melee: Spear             |   132 |   120 ||   252
       Bite              |    11 |    18 ||    29
       Punch             |     1 |     3 ||     4
       Staff             |    18 |       ||    18
Throw: Stone             |     1 |     6 ||     7
 Cast: Blink             |     2 |     3 ||     5
 Stab: Sleeping          |     3 |       ||     3
Armor: Leather armour    |    21 |     8 ||    29
Dodge: Dodged            |    77 |    37 ||   114
